Map: Pillars of Gold LE

Players

Heeebster - Winner!

  • Race: Protoss Protoss
  • League: Diamond
  • Spawn Location: 1:00

Arther

  • Race: Terran Terran
  • League: Master
  • Spawn Location: 7:00

VOD

Have the link to the VOD?

Description

Time

  • Played on: Nov. 16, 2020, 8:32 p.m.
  • Length: 10:05
Show
View Real Time Build Order
Export as new Build Order

Heeebster Protoss - Winner!

Build Orders: 1 Gate Expand, Oracle Opening 

Get SALT Encoding   

  12  0:00  Probe  
  13  0:13  Probe  
  14  0:21  Pylon  
  14  0:26  Probe  
  15  0:40  Gateway  
  16  0:42  Probe (Chrono Boost)  
  16  0:48  Assimilator  
  16  0:53  Probe (Chrono Boost)  
  16  0:54  Assimilator  
  17  0:58  Probe (Chrono Boost)  
  18  1:10  Probe  
  19  1:27  Nexus  
  19  1:38  Cybernetics Core  
  19  1:41  Probe (Chrono Boost)  
  20  1:48  Assimilator  
  20  1:52  Probe (Chrono Boost)  
  21  1:58  Probe  
  22  2:05  Pylon  
  22  2:10  Probe  
  22  2:14  Warp Gate  
  23  2:21  Stalker (Chrono Boost)  
  23  2:23  Probe  
  26  2:30  Stargate  
  26  2:36  Probe  
  27  2:39  Probe  
  28  2:51  Probe (Chrono Boost)  
  30  2:52  Stalker, Probe (Chrono Boost)  
  32  3:02  Probe (Chrono Boost)  
  32  3:05  Probe (Chrono Boost)  
  34  3:06  Probe (Chrono Boost)  
  34  3:11  Oracle (Chrono Boost)  
  35  3:13  Probe  
  35  3:17  Probe  
  40  3:21  Pylon  
  40  3:33  Stargate  
  40  3:37  Probe (Chrono Boost)  
  40  3:40  Probe (Chrono Boost)  
  42  3:43  Assimilator  
  42  3:47  Assimilator  
  43  3:50  Probe (Chrono Boost)  
  43  3:54  Probe (Chrono Boost), Void Ray (Chrono Boost)  
  43  3:55  Probe (Chrono Boost)  
  44  4:01  Probe  
  50  4:04  Probe  
  50  4:05  Shield Battery  
  50  4:07  Shield Battery  
  51  4:14  Probe  
  47  4:35  Probe  
  47  4:36  Probe  
  48  4:47  Probe (Chrono Boost), Void Ray  
  48  4:50  Probe (Chrono Boost)  
  54  5:04  Pylon  
  54  5:07  Pylon  
  54  5:22  Probe x2  
  54  5:26  Void Ray x2  
  56  5:34  Probe x2  
  66  5:41  Protoss Air Weapons Level 1 (Chrono Boost)  
  66  5:46  Probe x2  
  68  5:55  Nexus  
  68  5:59  Fleet Beacon, Probe x2  
  68  6:02  Pylon  
  70  6:07  Pylon  
  70  6:14  Void Ray  
  70  6:19  Pylon  
  70  6:20  Probe (Chrono Boost), Void Ray  
  70  6:22  Assimilator  
  70  6:24  Probe (Chrono Boost)  
  76  6:27  Assimilator  
  76  6:31  Probe (Chrono Boost)  
  81  6:36  Stargate  
  81  6:40  Pylon  
  81  6:51  Void Ray  
  81  6:52  Flux Vanes  
  81  6:57  Void Ray  
  90  7:08  Probe (Chrono Boost)  
  90  7:12  Probe x2 (Chrono Boost)  
  92  7:20  Probe (Chrono Boost)  
  94  7:24  Probe (Chrono Boost)  
  94  7:28  Shield Battery  
  94  7:29  Forge  
  94  7:30  Shield Battery  
  94  7:33  Shield Battery  
  94  7:35  Pylon x2, Probe  
  94  7:36  Probe x2  
  97  7:44  Carrier (Chrono Boost)  
  103  7:47  Probe  
  103  7:49  Probe x2  
  106  7:56  Carrier (Chrono Boost)  
  112  8:00  Probe  
  112  8:05  Probe  
  117  8:17  Photon Cannon  
  117  8:18  Carrier (Chrono Boost)  
  117  8:22  Photon Cannon  
  117  8:24  Photon Cannon  
  123  8:50  Carrier (Chrono Boost)  
  129  9:01  Robotics Facility  
  129  9:03  Photon Cannon  
  129  9:05  Photon Cannon, Carrier (Chrono Boost)  
  129  9:07  Photon Cannon, Pylon  
  129  9:08  Photon Cannon  
  129  9:12  Pylon, Probe x3  
  132  9:36  Nexus  
Show
View Real Time Build Order
Export as new Build Order

Arther Terran 

Build Orders:  

Get SALT Encoding   

  12  0:00  SCV  
  13  0:12  SCV  
  14  0:18  Supply Depot  
  14  0:24  SCV  
  15  0:30  Refinery  
  15  0:40  SCV  
  16  0:46  Barracks  
  16  0:52  SCV  
  17  1:04  SCV  
  18  1:16  SCV  
  19  1:35  Marine  
  19  1:36  Orbital Command  
  19  1:39  Factory  
  20  2:01  Barracks Reactor  
  20  2:04  SCV  
  20  2:07  Command Center  
  21  2:10  Supply Depot  
  21  2:18  SCV  
  22  2:32  SCV  
  23  2:42  Hellion x2  
  27  2:44  SCV  
  27  2:46  Reaper  
  27  2:48  Supply Depot  
  29  2:52  Refinery  
  29  2:59  SCV  
  30  3:10  Hellion x2  
  34  3:14  SCV  
  34  3:18  Barracks Tech Lab  
  35  3:28  SCV  
  35  3:33  Bunker  
  35  3:41  Barracks  
  35  3:42  Barracks  
  35  3:43  Barracks  
  35  3:46  SCV  
  36  3:51  Barracks Tech Lab  
  36  3:55  Siege Tank  
  39  4:00  SCV  
  40  4:15  Marine  
  36  4:22  SCV  
  32  4:29  Marine x4  
  32  4:35  SCV x2  
  34  4:50  SCV  
  34  4:51  Orbital Command  
  35  4:58  Barracks Tech Lab  
  35  5:02  SCV, Stimpack  
  36  5:07  Factory Reactor  
  36  5:14  SCV  
  36  5:18  SCV  
  36  5:25  Starport  
  36  5:26  SCV  
  35  5:30  SCV  
  35  5:34  Marine x3  
  36  5:38  SCV  
  36  5:39  Engineering Bay  
  36  5:42  SCV  
  37  5:43  Widow Mine  
  37  5:44  Widow Mine  
  41  5:50  SCV  
  41  5:54  SCV  
  41  5:55  Combat Shield  
  43  6:00  Supply Depot  
  43  6:02  SCV  
  44  6:05  Medivac  
  44  6:06  SCV  
  47  6:12  Terran Infantry Weapons Level 1  
  47  6:15  SCV  
  49  6:18  SCV  
  49  6:20  Widow Mine, Supply Depot  
  51  6:27  SCV  
  51  6:28  Supply Depot  
  51  6:30  SCV  
  53  6:42  SCV x2  
  53  6:48  Marine  
  53  6:49  Marine, Marauder x2  
  56  6:56  SCV x2  
  56  7:00  Medivac  
  64  7:01  Widow Mine x2  
  64  7:06  Missile Turret  
  64  7:08  SCV x2, Supply Depot  
  66  7:09  Missile Turret  
  66  7:21  SCV x2  
  68  7:31  Marine  
  68  7:32  Marine, Marauder x2  
  68  7:36  SCV x2  
  76  7:38  Refinery  
  76  7:41  Refinery  
  76  7:44  Supply Depot  
  76  7:48  Supply Depot  
  76  7:50  Medivac x2  
  76  7:51  SCV  
  81  7:52  SCV  
  81  7:57  Marine x2, Marauder  
  86  8:05  SCV x2  
  88  8:07  Supply Depot  
  88  8:10  Terran Infantry Armor Level 1  
  88  8:17  SCV x2  
  90  8:29  SCV x2  
  90  8:30  Marine  
  90  8:31  Marine, Marauder x2  
  95  8:35  Marine  
  91  8:41  SCV  
  91  8:42  SCV  
  91  8:48  Marine x2  
  91  8:52  Marine x2  
  91  8:53  Marine  
  95  8:59  SCV x2  
  95  9:02  Supply Depot  
  97  9:04  Supply Depot  
  97  9:06  Marine x2, Medivac x2  
  97  9:09  Marine x2  
  103  9:11  Marine  
  103  9:16  SCV x2  
  108  9:24  Marine  
  109  9:31  Command Center  
  109  9:32  Engineering Bay  
  109  9:34  Marine x3  
  109  9:35  Marine  
  113  9:39  Armory  
  113  9:42  Marine  
Tags
 
Add a new tag
Caveats
  • Supply blocks, unpowered buildings, or Contaminate may cause inaccurate times.
  • Supply counts are checked every 10 seconds.